 Dungeon Crawl Stone Soup version 0.16.0 (webtiles) character file.

201 Chiseanne the Skirmisher (level 5, -1/42 HPs)
             Began as a Demonspawn Wanderer on Mar 14, 2015.
             Succumbed to a scorpion's poison
             ... on level 4 of the Dungeon.
             The game lasted 00:05:42 (1570 turns).

Chiseanne the Skirmisher (Demonspawn Wanderer)      Turns: 1570, Time: 00:05:42

Health: -1/42      AC:  6    Str: 12    XL:     5   Next: 50%
Magic:  1/5        EV: 11    Int: 12    God:
Gold:   111        SH:  8    Dex: 15    Spells: 0 memorised, 4 levels left

rFire  . . .     SeeInvis .     b - +0 mace
rCold  . . .     Clarity  .     d - +0 robe
rNeg   . . .     SustAb   .     a - +0 shield
rPois  .         Gourm    .     (no helmet)
rElec  .         Spirit   +     o - +0 cloak
rCorr  .         Warding  .     t - +0 pair of gloves
rMut   .         Stasis   .     (no boots)
MR     .....                    h - amulet of guardian spirit
Stlth  ++........               (no ring)
                                (no ring)

@: lethally poisoned (-1 -> -30), not resistant to hostile enchantments,
unstealthy
A: talons 1, yellow scales 1
a: no special abilities


You were on level 4 of the Dungeon.
You were hungry.

You visited 1 branch of the dungeon, and saw 4 of its levels.

You collected 111 gold pieces.

Inventory:

Hand weapons
 b - a +0 mace (weapon)
 q - a +0 flail
Missiles
 e - 27 bolts
 k - 2 curare-tipped needles
 m - 8 javelins (quivered)
 r - 14 poisoned needles
Armour
 a - a +0 shield (worn)
 d - a +0 robe (worn)
 o - a +0 cloak (worn)
 t - a +0 pair of gloves (worn)
Jewellery
 h - an amulet of guardian spirit (around neck)
Scrolls
 i - a scroll of immolation {unknown}
 j - 3 scrolls of identify {unknown}
 l - a scroll of random uselessness {unknown}
 n - a scroll of noise {unknown}
 s - a scroll of remove curse {unknown}
Potions
 c - a potion of haste {unknown}
 p - a potion of resistance {unknown}
Comestibles
 f - 4 bread rations
 g - a meat ration


   Skills:
 * Level 4.1 Fighting
   Level 1.0 Bows
 - Level 3.6 Armour
 * Level 2.9 Dodging
 - Level 1.0 Stealth
 * Level 2.9 Shields


You had 4 spell levels left.
You didn't know any spells.

Dungeon Overview and Level Annotations

Branches:
Dungeon (4/15)
 Temple: D:4-7

Altars:
Elyvilon

Annotations:
D:3 1 runed door


Innate Abilities, Weirdness & Mutations

You have sharp toenails.
You are partially covered in yellow scales (AC +2).


Message History

The scorpion closely misses you. The kobold hits you but does no damage.
You hit the scorpion but do no damage.
The scorpion is heavily wounded.
You feel very sick. The scorpion stings you!
You are more poisoned.
The scorpion poisons you! The kobold barely misses you.
The scorpion stings you.
* * * LOW HITPOINT WARNING * * *
The kobold closely misses you.
You hit the scorpion. Your kick misses the scorpion.
The scorpion is heavily wounded.
* * * LOW HITPOINT WARNING * * *
You feel very sick. The scorpion stings you.
* * * LOW HITPOINT WARNING * * *
You block the kobold's attack.
You hit the scorpion!
You kill the scorpion!
You die...

### ...#..
#......
##..$...
##......#
#.......#
........##
..<.....K.#
........@.##
######...<.#
###...#
#....#
##...>#
##.....
######


You could see a kobold.

Vanquished Creatures
  A scorpion (D:4)
  A giant frog skeleton (D:3)
  An orc wizard (D:3)
  Jessica (D:2)
  2 adders
  A giant mite (D:3)
  2 worms (D:2)
  4 orcs (D:3)
  8 bats
  3 giant cockroaches
  2 hobgoblins
  3 jackals (D:2)
  5 kobolds
  A quokka (D:3)
  5 giant newts
  5 goblins
  5 rats
50 creatures vanquished.

Notes
Turn   | Place    | Note
--------------------------------------------------------------
     0 | D:1      | Chiseanne, the Demonspawn Wanderer, began the quest for the Orb.
     0 | D:1      | Chiseanne set off with: a +0 shield, a +0 mace, a +0 shortbow, a +0 robe, 23 arrows, a bread ration
     0 | D:1      | Reached XP level 1. HP: 18/18 MP: 1/1
   148 | D:1      | Gained mutation: You have sharp toenails. [demonic ancestry]
   148 | D:1      | Reached XP level 2. HP: 10/24 MP: 2/2
   503 | D:2      | Noticed Jessica
   510 | D:2      | Killed Jessica
   510 | D:2      | Reached skill level 1 in Dodging
   510 | D:2      | Gained mutation: You are partially covered in yellow scales (AC +2). [demonic ancestry]
   510 | D:2      | Reached XP level 3. HP: 21/29 MP: 3/3
  1019 | D:3      | Reached XP level 4. HP: 34/37 MP: 4/4
  1176 | D:3      | Reached skill level 4 in Fighting
  1267 | D:3      | Reached XP level 5. HP: 20/42 MP: 3/5
  1440 | D:3      | Found a white marble altar of Elyvilon.
  1440 | D:3      | Noticed an angel
  1441 | D:3      | Found a runed door.
  1569 | D:4      | HP: 2/42 [scorpion (5)]
  1570 | D:4      | Succumbed to a scorpion's poison

Action                   |  1- 3 |  4- 6 || total
-------------------------+-------+-------++-------
Melee: Mace              |    90 |    70 ||   160
Throw: Javelin           |     3 |     6 ||     9
 Stab: Sleeping          |     2 |     1 ||     3
  Eat: Chunk             |       |     2 ||     2
